 Dungeon Crawl Stone Soup version 0.30-a0-1075-gcd70e7a56d (webtiles) character file.

Game seed: 8588517572248994263

7252 Newt the Skirmisher (level 11, -6/68 HPs)
             Began as a Kobold Hunter on Apr 14, 2023.
             Was a Priest of Makhleb.
             Mangled by Harold
             ... wielding a +0 glaive
              (20 damage)
             ... on level 9 of the Dungeon.
             The game lasted 00:10:29 (10079 turns).

Newt the Skirmisher (Kobold Hunter)                Turns: 10079, Time: 00:10:29

Health: -6/68      AC: 14    Str: 10    XL:     11   Next: 33%
Magic:  11/11      EV: 11    Int: 16    God:    Makhleb [***...]
Gold:   568        SH:  0    Dex: 22    Spells: 10/10 levels left

rFire   . . .      SeeInvis .    a - +2 shortbow (heavy)
rCold   + . .      Faith    +    (shield currently unavailable)
rNeg    . . .      Spirit   .    y - +2 leather armour {rC+}
rPois   .          Reflect  .    d - +0 helmet
rElec   .          Rampage  .    e - +2 cloak
rCorr   .                        O - +0 pair of gloves
Will    .....                    (no boots)
Stlth   +++                      s - amulet of faith
HPRegen 0.31/turn                m - +4 ring of protection
MPRegen 0.12/turn                D - +6 ring of intelligence

@: lethally poisoned (-6 -> -13), held, slowed, very slow
A: small, no large weapons, nightstalker 3
a: Renounce Religion, Minor Destruction, Lesser Servant of Makhleb


You were on level 9 of the Dungeon.
You worshipped Makhleb.
Makhleb was most pleased with you.
You visited 2 branches of the dungeon, and saw 10 of its levels.
You also visited: Ossuary.

You collected 596 gold pieces.
You spent 28 gold pieces at shops.

Inventory:

Hand Weapons
 a - a +2 heavy shortbow (weapon)
 b - the +6 hammer "Jodgh" {spect, *Noise +Blink SInv}
   (You found it on level 4 of the Dungeon)

   SInv:      It lets you see invisible.
   +Blink:    It lets you blink.
   *Noise:    It may make noises in combat.
Missiles
 u - 3 throwing nets
Armour
 c - a +0 leather armour
 d - a +0 helmet (worn)
 e - a +2 cloak (worn)
 y - a +2 leather armour of cold resistance (worn)
 M - a +0 chain mail of willpower
 O - a +0 pair of gloves (worn)
Jewellery
 m - a +4 ring of protection (left hand)
 s - an amulet of faith (around neck)
 D - a +6 ring of intelligence (right hand)
Wands
 j - a wand of paralysis (20)
 l - a wand of flame (39)
 t - a wand of roots (9)
Scrolls
 g - 5 scrolls of teleportation
 n - 5 scrolls of fog
 v - a scroll of immolation
 w - a scroll of butterflies
 z - 2 scrolls of brand weapon
 A - 2 scrolls of enchant armour
 C - a scroll of enchant weapon
 E - 2 scrolls of magic mapping
 G - a scroll of amnesia
 I - a scroll of silence
 J - a scroll of blinking
 K - a scroll of noise
 L - a scroll of identify
 N - a scroll of fear
Potions
 f - 3 potions of lignification
 h - 2 potions of berserk rage
 i - a potion of invisibility
 k - 2 potions of might
 o - 7 potions of curing
 p - 2 potions of attraction
 q - 4 potions of flight
 r - a potion of heal wounds
 x - a potion of brilliance
 B - 2 potions of resistance
 F - 3 potions of mutation
 H - a potion of degeneration


   Skills:
 - Level 8.0 Fighting
 - Level 10.0 Maces & Flails
 - Level 10.0 Ranged Weapons
 + Level 2.4 Armour
 - Level 10.0 Dodging
 - Level 1.3 Stealth


You had 10 spell levels left.
You didn't know any spells.
Your spell library contained the following spells:

 Spells                   Type           Power      Damage    Failure   Level
 Foxfire                  Conj/Fire      0%         2x1d4     32%         1
 Necrotise                Necr           0%         1d4       32%         1
 Inner Flame              Hex/Fire       0%         N/A       69%         3
 Stone Arrow              Conj/Erth      0%         3d7       69%         3
 Vampiric Draining        Necr           0%         2d6       69%         3
 Animate Armour           Summ/Erth      0%         N/A       97%         4
 Agony                    Necr           0%         N/A       100%        5
 Fireball                 Conj/Fire      0%         3d3       100%        5
 Yara's Violent Unravell  Hex/Tmut       0%         3d3       100%        5
 Plasma Beam              Fire/Air       0%         2x1d11    100%        6
 Starburst                Conj/Fire      0%         6d3       100%        6
 Enfeeble                 Hex            0%         N/A       100%        7
 Lehudib's Crystal Spear  Conj/Erth      0%         10d2      100%        8


Dungeon Overview and Level Annotations

Branches:
Dungeon (9/15)             Temple (1/1) D:7         Ossuary (visited)
   Lair: D:8-11         Orc: D:9-12

Altars:
Ashenzari
Cheibriados
Dithmenos
Elyvilon
Fedhas
Gozag
Hepliaklqana
Kikubaaqudgha
Makhleb
Nemelex Xobeh
Okawaru
Qazlal
Ru
Sif Muna
Trog
Uskayaw
Vehumet
Wu Jian
Xom
Yredelemnul
Zin
The Shining One

Shops:
D:1 (   D:3 ?

Annotations:
D:9 Harold


Innate Abilities, Weirdness & Mutations

You are small and have problems with some larger weapons.
You are completely attuned to the shadows.


Message History

The orc priest begins to cast a cantrip, but forgets the words!
The kobold brigand hits you from afar with a +0 trident.
The kobold brigand throws a curare-tipped dart.
The curare-tipped dart barely misses you.
Harold hits you from afar with a +0 glaive!
You struggle against the net.
You feel sick.
The orc priest calls down the wrath of Beogh upon you.
Beogh smites you!
* * * LOW HITPOINT WARNING * * *
The kobold brigand throws a curare-tipped dart.
The curare-tipped dart closely misses you.
Harold barely misses you.
You feel much better.
You feel sick.
You are no longer poisoned.
Harold hits you from afar with a +0 glaive.
The kobold brigand barely misses you.
The kobold brigand throws a curare-tipped dart.
The curare-tipped dart completely misses you.
Harold hits you from afar with a +0 glaive!
* * * LOW HITPOINT WARNING * * *
The orc priest invokes the aid of Beogh against you.
Beogh smites you!
* * * LOW HITPOINT WARNING * * *
You feel much better.
The kobold brigand throws a curare-tipped dart.
The curare-tipped dart barely misses you.
Harold barely misses you.
Unknown command.
You struggle against the net.
Harold hits you from afar with a +0 glaive.
* * * LOW HITPOINT WARNING * * *
The kobold brigand throws a curare-tipped dart.
The curare-tipped dart hits you.
You are poisoned.
You have difficulty breathing.
* * * LOW HITPOINT WARNING * * *
You feel as though you will be slow longer.
The kobold brigand hits you but does no damage.
Harold hits you from afar with a +0 glaive!!
You die...

......o.<.
#...#....
#........
###........
....KKK....
.###oo#####
#@K## #)##
#@# #.# #.#
#.# #.#


You could see Harold, a kobold brigand, an orc priest, an orc and 3 kobolds.

Vanquished Creatures
  A two-headed ogre (D:8)
  A troll (D:9)
  6 yaks
  An unseen horror simulacrum (D:8)
  2 steam dragons
  A water moccasin (D:7)
  3 sky beasts
  2 orc warriors
  2 black bears
  A wolf (D:8)
  5 ice beasts
  4 centaurs
  An ogre (D:6)
  4 kobold brigands
  13 scorpions
  A bullfrog (D:8)
  A gnoll sergeant (D:6)
  10 wights
  3 killer bees (D:8)
  5 electric eels (D:8)
  4 centaur zombies (Ossuary)
  Crazy Yiuf (D:4)
  2 human zombies (Ossuary)
  4 orc priests
  2 gnoll boudas
  4 hounds
  7 iguanas
  Ijyb (D:5)
  Jessica (D:3)
  10 orc wizards
  3 scorpion zombies (Ossuary)
  A centaur simulacrum (D:8)
  3 mummies (Ossuary)
  13 gnolls
  4 adders
  A shadow imp (D:4)
  3 white imps
  An ufetubus (D:8)
  2 worms
  2 dart slugs (D:3)
  31 orcs
  5 endoplasms
  2 giant cockroaches (D:4)
  17 hobgoblins
  12 jackals
  2 quokkas
  5 ball pythons
  3 bats
  4 frilled lizards
  A gnoll zombie (Ossuary)
  6 goblins
  A goblin zombie (Ossuary)
  3 hobgoblin zombies (Ossuary)
  25 kobolds
  2 kobold zombies (Ossuary)
  An orc zombie (Ossuary)
  4 rats
260 creatures vanquished.

Vanquished Creatures (others)
  An orc priest (D:8)
1 creature vanquished.

Grand Total: 261 creatures vanquished

Notes
Turn   | Place    | Note
-------+----------+-------------------------------------------
     0 | D:1      | Newt the Kobold Hunter began the quest for the Orb.
     0 | D:1      | Reached XP level 1. HP: 12/12 MP: 1/1
   134 | D:1      | Reached XP level 2. HP: 18/18 MP: 2/2
   535 | D:1      | Found Qukhomef's Weapon Shoppe.
   870 | D:2      | Reached XP level 3. HP: 23/23 MP: 3/3
  1362 | D:3      | Reached XP level 4. HP: 27/30 MP: 4/4
  1548 | D:3      | Found Itobrato's Magic Scroll Emporium.
  1554 | D:3      | Bought a scroll of identify for 28 gold pieces
  1706 | D:3      | Noticed Jessica
  1707 | D:3      | Killed Jessica
  1708 | D:3      | Reached skill level 5 in Fighting
  1708 | D:3      | Reached XP level 5. HP: 35/35 MP: 5/5
  1775 | D:4      | Reached XP level 6. HP: 33/40 MP: 6/6
  2113 | D:4      | Reached XP level 7. HP: 27/44 MP: 7/7
  2786 | D:4      | Reached skill level 10 in Ranged Weapons
  3470 | D:4      | Found a runed translucent door.
  3473 | D:4      | Noticed Crazy Yiuf
  3478 | D:4      | Killed Crazy Yiuf
  3479 | D:4      | Reached XP level 8. HP: 49/49 MP: 8/8
  3480 | D:4      | Identified the +6 hammer "Jodgh" {spect, *Noise +Blink
                  | SInv}
  3656 | D:5      | Entered Level 5 of the Dungeon
  3686 | D:5      | Noticed Ijyb
  3689 | D:5      | Paralysed by Ijyb for 4 turns
  3699 | D:5      | Paralysed by Ijyb for 5 turns
  3713 | D:5      | Killed Ijyb
  3772 | D:5      | Reached skill level 5 in Dodging
  4541 | D:5      | Reached skill level 1 in Maces & Flails
  4943 | D:6      | Reached XP level 9. HP: 40/54 MP: 9/9
  5073 | D:6      | Reached skill level 5 in Maces & Flails
  6759 | D:7      | Reached XP level 10. HP: 56/59 MP: 10/10
  7347 | D:7      | Found a staircase to the Ecumenical Temple.
  7354 | Temple   | Entered the Ecumenical Temple
  7635 | Temple   | Became a worshipper of Makhleb the Destroyer
  7689 | D:8      | Found a radiant altar of Vehumet.
  7695 | D:8      | Found a hazy altar of Hepliaklqana.
  7740 | D:8      | Found a sand-covered staircase.
  7748 | Ossuary  | Entered an ossuary
  7892 | Ossuary  | Reached skill level 10 in Maces & Flails
  7898 | Ossuary  | Reached * piety under Makhleb
  8182 | D:8      | Noticed a two-headed ogre
  8189 | D:8      | Killed a two-headed ogre
  8230 | D:8      | Reached ** piety under Makhleb
  8313 | D:8      | Reached XP level 11. HP: 51/68 MP: 11/11
  9802 | D:8      | Reached skill level 10 in Dodging
  9806 | D:8      | Reached skill level 1 in Armour
 10049 | D:9      | Noticed Harold
 10073 | D:9      | Reached *** piety under Makhleb
 10077 | D:9      | HP: 3/68 [orc priest/divine providence (15)]
 10079 | D:9      | Mangled by Harold

Illustrated notes

Levels and vault maps discovered:
D:1:      ncdulo_lavacross, layout_loops_ring, serial_shops,
          nicolae_shop_behind_doors, nicolae_wormholes
D:2:      layout_rooms, minmay_hexomino_p4
D:3:      layout_basic, serial_shops, shop, uniq_jessica
D:4:      layout_loops_ring, chequers_big_river,
          eino_small_chamber_without_monster, minmay_pentangle,
          uniq_crazy_yiuf_cottage
D:5:      layout_loops_corners, uniq_pikel, uniq_ijyb
D:6:      kennysheep_housing_project, layout_basic
D:7:      layout_rooms, minmay_temple_entry_poolview
D:8:      layout_rooms, amethyst_overflow_temple_binary,
          nicolae_ossuary_entry_monument, serial_ice, serial_ice_j,
          serial_ice_f, serial_ice_e, serial_ice_g, serial_ice_m, minivault_24
D:9:      minmay_the_grid_triangle_9x9_recursive_2
          [minmay_the_grid_triangle_9x9_prize_insulated,
          minmay_the_grid_triangle_9x9_descending_squares,
          minmay_the_grid_triangle_9x9_alien,
          minmay_the_grid_triangle_9x9_wacky_v], layout_rooms, lair_entry_dummy,
          minmay_increasing_density, uniq_erolcha, uniq_harold
Temple:   nicolae_temple_bog_church

Skill      XL: |  1  2  3  4  5  6  7  8  9 10 11 |
---------------+----------------------------------+-----
Fighting       | 3 4 5 8 |  8.0
Ranged Weapons | 7 9 10 | 10.0
Dodging        | 4 6 7 10 | 10.0
Maces & Flails | 4 8 10 | 10.0
Armour         | 2 |  2.4
Stealth        | |  1.3

Action                     |  1- 3 |  4- 6 |  7- 9 | 10-12 || total
---------------------------+-------+-------+-------+-------++-------
  Melee: Mace              |       |       |   107 |   254 ||   361
         Punch             |       |       |     2 |     3 ||     5
   Fire: Shortbow          |    81 |    94 |   177 |    15 ||   367
  Evoke: Wand              |       |       |     1 |       ||     1
    Use: Scroll            |     7 |     3 |     8 |     8 ||    26
         Potion            |       |       |       |     3 ||     3
   Stab: Sleeping          |       |       |     1 |     6 ||     7
         Distracted        |       |       |     1 |       ||     1
 Armour: Leather armour    |     6 |    17 |    78 |    50 ||   151
  Dodge: Dodged            |    23 |    33 |   197 |   232 ||   485

Table legend: (Time is in decaauts)
 A = Elapsed time spent in this place.
 B = Non-inter-level travel time spent in this place.
 C = Inter-level travel time spent in this place.
 D = Time resting spent in this place.
 E = Time spent auto-exploring this place.
 F = Levels seen in this place.
 G = Mean time per level.
                   A        B        C        D        E       F      G
               +--------+--------+--------+--------+--------+-----+--------+
         Total |  10176 |   9878 |    298 |   2521 |   5875 |  11 |  925.1 |
       Dungeon |   9478 |   9217 |    261 |   2521 |   5391 |   9 | 1053.1 |
        Temple |    317 |    280 |     37 |      0 |    257 |   1 |  317.0 |
       Ossuary |    381 |    381 |      0 |      0 |    227 |   1 |  381.0 |
               +--------+--------+--------+--------+--------+-----+--------+

Top non-repeatable levels by time:
     D:6: 1996 daAuts
     D:4: 1961 daAuts
     D:8: 1877 daAuts
     D:5: 1100 daAuts
     D:1: 802 daAuts
     D:7: 648 daAuts
     D:3: 484 daAuts
     D:2: 468 daAuts
 Ossuary: 381 daAuts
  Temple: 317 daAuts
     D:9: 139 daAuts
